 Dungeon Crawl Stone Soup version 0.19-a0-503-g45a6586 (webtiles) character file.

77816 Kidiri the Thaumaturge (level 15, -2/84 HPs)
             Began as a Deep Elf Fire Elementalist on June 5, 2016.
             Was a High Priest of Vehumet.
             Killed from afar by a deep elf knight (30 damage)
             ... with a shard of ice
             ... on level 1 of the Elven Halls.
             The game lasted 01:53:35 (34014 turns).

Kidiri the Thaumaturge (DEFE)                      Turns: 34014, Time: 01:53:36

Health: -2/84      AC: 15    Str: 12    XL:     15   Next: 16%
Magic:  7/35       EV: 16    Int: 27    God:    Vehumet [*****.]
Gold:   1862       SH:  6    Dex: 15    Spells: 10 memorised, 5 levels left

rFire  + + .     SeeInvis .     S - +9 dagger "Gegg" {pierce, Str+5}
rCold  x . .     Gourm    .     T - +3 leather armour
rNeg   . . .     Faith    .     m - +1 buckler
rPois  .         Spirit   .     t - +1 helmet
rElec  .         Dismiss  .     w - +2 cloak
rCorr  .         Reflect  .     l - +1 pair of gloves
SustAt .         Harm     .     (no boots)
MR     +....                    d - amulet of magic regeneration
Stlth  ++........               a - ring of wizardry
                                h - ring of fire

@: very slightly contaminated, drained, invisible, somewhat resistant to hostile
enchantments, unstealthy
A: molten scales 1, fire resistance 1, strong 1, wild magic 1
a: Renounce Religion


You were on level 1 of the Elven Halls.
You worshipped Vehumet.
Vehumet was extremely pleased with you.
You were not hungry.

You visited 5 branches of the dungeon, and saw 23 of its levels.
You also visited: Sewer and Ossuary.

You collected 2185 gold pieces.
You spent 323 gold pieces at shops.

Inventory:

Hand Weapons
 S - the +9 dagger "Gegg" (weapon) {pierce, Str+5}
   (You found it on level 10 of the Dungeon)

   It inflicts extra damage upon your enemies.
   It affects your strength (+5).
Armour
 l - a +1 pair of gloves (worn)
 m - a +1 buckler (worn)
 t - a +1 helmet (worn)
 w - a +2 cloak (worn)
 T - a +3 leather armour (worn)
Magical Staves
 E - an uncursed staff of fire
Jewellery
 a - a ring of wizardry (right hand)
 b - an uncursed ring of flight
 d - an amulet of magic regeneration (around neck)
 h - a ring of fire (left hand)
 n - a +3 ring of evasion
 B - an uncursed ring of sustain attributes
 C - an uncursed ring of protection from fire
 O - an uncursed ring of protection from magic
Wands
 i - a wand of flame (17/48)
 A - a wand of teleportation (3/9)
 F - a wand of paralysis (19/24)
 I - a wand of random effects (32/48)
 R - a wand of lightning (2/15)
 V - a wand of hasting (4/9)
 W - a wand of slowing (28/48)
Scrolls
 j - 4 scrolls of recharging
 k - 6 scrolls of fog
 p - 8 scrolls of remove curse
 r - 2 scrolls of fear
 y - 2 scrolls of amnesia
 G - 6 scrolls of teleportation
 L - 2 scrolls of blinking
 N - a scroll of identify
 U - a scroll of immolation {unknown}
 Z - a scroll of silence
Potions
 o - 4 potions of haste
 q - 4 potions of brilliance
 s - 10 potions of flight
 u - 10 potions of curing
 v - 5 potions of agility
 z - a potion of might
 J - 2 potions of cure mutation
 K - a potion of invisibility
 M - a potion of ambrosia
 P - 2 potions of cancellation
 Q - 3 potions of resistance
Books
 e - a book of Power

   Spells                             Type                      Level
   a - Fulminant Prism                Conjuration/Hexes            4
   b - Iskenderun's Mystic Blast      Conjuration                  4
   c - Venom Bolt                     Conjuration/Poison           5
   d - Bolt of Magma                  Conjuration/Fire/Earth       5
   e - Iron Shot                      Conjuration/Earth            6
   f - Orb of Destruction             Conjuration                  7
   g - Spellforged Servitor           Conjuration/Summoning        7
Comestibles
 c - 12 bread rations
 f - 3 fruits
 g - 5 beef jerkies
 D - 9 meat rations
 H - 3 slices of pizza
 X - a royal jelly


   Skills:
 + Level 6.0(4.8) Fighting
 + Level 7.3(6.1) Short Blades
 + Level 6.3(5.2) Armour
 + Level 9.1(7.8) Dodging
 - Level 2.4(1.3) Stealth
 + Level 5.7(4.6) Shields
 * Level 14.3(12.8) Spellcasting
 * Level 11.6(10.2) Conjurations
 * Level 12.3(10.9) Fire Magic
 * Level 9.3(8.0) Air Magic
 + Level 8.1(6.9) Evocations


You had 5 spell levels left.
You knew the following spells:

 Your Spells              Type           Power        Failure   Level  Hunger
a - Flame Tongue          Conj/Fire      #####        1%          1    None
b - Throw Flame           Conj/Fire      ######       1%          2    None
c - Conjure Flame         Conj/Fire      #######.     1%          3    None
d - Inner Flame           Hex/Fire       ######..     1%          3    None
e - Sticky Flame          Conj/Fire      #######.     1%          4    None
f - Fireball              Conj/Fire      #######...   1%          5    ##.....
g - Bolt of Magma         Conj/Fire/Erth #######...   1%          5    ##.....
h - Poisonous Cloud       Conj/Pois/Air  ######....   11%         6    #####..
i - Ignite Poison         Fire/Tmut/Pois ######..     1%          3    None
j - Lightning Bolt        Conj/Air       ######....   1%          5    ##.....


Dungeon Overview and Level Annotations

Branches:
Dungeon (11/15)            Temple (1/1) D:5            Lair (8/8) D:10
 Shoals (0/4) Lair:6        Snake (0/4) Lair:6        Slime (0/6) Lair:6
    Orc (2/2) D:11            Elf (1/3) Orc:2

Altars:
Ashenzari
Cheibriados
Dithmenos
Elyvilon
Fedhas
Gozag
Hepliaklqana
Kikubaaqudgha
Makhleb
Nemelex Xobeh
Okawaru
Pakellas
Qazlal
Ru
Sif Muna
Trog
Uskayaw
Vehumet
Xom
Yredelemnul
Zin
The Shining One
Beogh
Jiyva

Shops:
D:5 !   Orc:1 %   Orc:2 [(([

Portals:
Hell: Lair:8

Annotations:
D:10 exclusion: 2 downstairs


Innate Abilities, Weirdness & Mutations

You are partially covered in molten scales. (AC +1)
Your flesh is heat resistant. (rF+)
Your muscles are strong. (Str +2)
Your spells are a little harder to cast, but a little more powerful.


Message History

Unknown command.
Press: ? - help, v - describe, . - travel
Here: a deep elf knight, wielding a short sword (moderately wounded)
The floor.
Unknown command.
You fade into invisibility!
The deep elf knight casts a spell at you.
The shard of ice misses you.
You are very lightly contaminated with residual magic.
Unknown command.
The deep elf knight gestures wildly while chanting.
The deep elf knight seems to speed up.
The deep elf knight gestures at something while chanting.
The shard of ice misses you.
The deep elf knight gestures at something while chanting.
The deep elf knight points at you and mumbles some strange words.
The shard of ice misses you.
The deep elf knight casts a spell at something.
The shard of ice hits you!
You feel a painful chill!
You die...

...... ................# ......
#.........#####.## #....
#.........##.....# ##...
##.......###...#.## ## #
+...........#.#..# #
###...##.)##..#..# #####+###
#..##...#....#..# .##.....##
###.....#.#.#...#
#'..)....+#####.@....#....#...#
#..>............##...#..###..##
..........##e.##..#...##..#.##
........##...#....#.......#.#
.......#.....#.#.#.....#..#.#
.....)......#....#...##...#.#
.......##...#..##..##...#.#.#
#....##..#...##.).....###.#.#
#'..#....#......####### #.#.#


You could see a deep elf knight.

Vanquished Creatures
  Maud (Lair:5)
  An orc warlord (Orc:2)
  A dire elephant (Lair:8)
  Snorg (Lair:7)
  Josephine (Orc:1)
  4 hydras
  A catoblepas (Lair:8)
  2 dancing weapons (Elf:1)
  The ghost of Xiguana the Cleaver, a novice HOFi of Okawaru (D:8)
  A sun demon (Lair:8)
  2 orc high priests (Orc:2)
  An iron golem (D:10)
  A wizard (Lair:8)
  An unseen horror (D:11)
  2 deep elf archers (Elf:1)
  7 hill giants
  2 orc knights (Orc:2)
  11 deep elf magi (Elf:1)
  3 orc sorcerers (Orc:2)
  3 slime creatures (D:10)
  2 cyclopes (D:11)
  A sixfirhy (Lair:8)
  11 elephants
  9 black mambas
  4 orange demons (Lair:8)
  12 komodo dragons
  15 spiny frogs
  2 rime drakes
  3 ice devils (Lair:8)
  A hellwing (Lair:8)
  2 red devils (Lair:8)
  2 trolls
  A polar bear (Lair:8)
  2 two-headed ogres
  20 blink frogs
  3 wyverns
  3 wraiths (Orc:1)
  A fire elemental (Elf:1)
  6 basilisks
  58 yaks
  13 hippogriffs
  A steam dragon (D:10)
  A hungry ghost (D:7)
  2 wargs (Orc:2)
  2 nagas (Lair:6)
  22 water moccasins
  10 porcupines
  3 ice beasts (D:9)
  A wasp (D:11)
  42 orc warriors
  2 sky beasts
  2 black bears
  2 eyes of draining
  A necrophage (D:10)
  4 wolves
  2 phantoms
  12 ogres
  8 centaurs
  2 big kobolds
  13 crocodiles
  15 giant frogs
  A wyvern zombie (D:8)
  A troll zombie (Ossuary)
  A wyvern skeleton (D:10)
  2 scorpions
  5 killer bees (D:9)
  5 wights (D:9)
  A howler monkey (D:10)
  A crimson imp (D:10)
  2 quasits (D:8)
  A jelly (D:7)
  4 centaur zombies
  2 hounds
  The ghost of tyrsky the Stinger, a weakling FeVM (D:3)
  2 human zombies (Ossuary)
  23 orc priests
  46 orc wizards
  3 giant frog skeletons
  8 iguanas
  12 worker ants
  9 hell rats (Lair:7)
  9 sheep
  An ogre zombie (Ossuary)
  A hound zombie (D:5)
  3 hound skeletons
  8 mummies
  A worker ant zombie (D:9)
  Robin (D:2)
  10 gnolls
  A howler monkey skeleton (D:8)
  12 adders
  74 river rats
  5 shadow imps
  An ooze (D:9)
  2 adder skeletons
  6 adder zombies
  7 worms
  3 dart slugs
  5 giant geckos
  114 orcs
  12 bats
  7 giant cockroaches
  14 goblins
  13 hobgoblins
  14 jackals
  7 quokkas
  3 ball pythons
  5 giant newts
  3 goblin zombies (Ossuary)
  2 hobgoblin zombies (Ossuary)
  19 kobolds
  7 kobold zombies (Ossuary)
  An orc zombie (Ossuary)
  A quokka skeleton (D:6)
  2 quokka zombies (Ossuary)
  29 rats
  3 rat zombies (Ossuary)
  A bush (Lair:5)
  A plant (Lair:2)
903 creatures vanquished.

Vanquished Creatures (others)
  A bat (D:2)
  36 fungi
  19 plants
56 creatures vanquished.

Grand Total: 959 creatures vanquished

Notes
Turn   | Place    | Note
--------------------------------------------------------------
     0 | D:1      | Kidiri the Deep Elf Fire Elementalist began the quest for the Orb.
     0 | D:1      | Reached XP level 1. HP: 10/10 MP: 6/6
   133 | D:1      | Reached XP level 2. HP: 8/15 MP: 3/8
   258 | D:1      | Learned a level 2 spell: Throw Flame
   569 | D:1      | Reached XP level 3. HP: 11/19 MP: 3/10
   722 | D:1      | Learned a level 3 spell: Conjure Flame
   726 | D:1      | Learned a level 3 spell: Inner Flame
  1162 | D:2      | Reached skill level 4 in Spellcasting
  1573 | D:2      | Found a shadowy altar of Dithmenos.
  1583 | D:2      | Reached XP level 4. HP: 24/24 MP: 8/12
  1819 | D:2      | Found a stormy altar of Qazlal.
  2013 | D:2      | Noticed Robin
  2052 | D:2      | Killed Robin
  2626 | D:3      | Reached XP level 5. HP: 17/28 MP: 10/14
  2645 | D:3      | Learned a level 4 spell: Sticky Flame
  2729 | D:3      | Noticed tyrsky's ghost (weakling FeVM)
  2732 | D:3      | Killed tyrsky's ghost
  2845 | D:3      | Reached skill level 5 in Spellcasting
  3135 | D:3      | Found a deep blue altar of Sif Muna.
  3501 | D:3      | Reached skill level 5 in Fire Magic
  3503 | D:3      | Reached XP level 6. HP: 21/32 MP: 6/16
  3946 | D:4      | Found a shimmering altar of Xom.
  4032 | D:4      | Reached skill level 6 in Spellcasting
  4283 | D:4      | Gained mutation: Your body sometimes deteriorates upon taking damage. [mutagenic glow]
  4484 | D:4      | Reached XP level 7. HP: 27/36 MP: 11/18
  4538 | D:4      | Reached skill level 1 in Evocations
  4590 | D:4      | Lost mutation: Your body sometimes deteriorates upon taking damage. [potion of cure mutation]
  4613 | D:4      | Learned a level 5 spell: Fireball
  4765 | D:4      | Reached skill level 1 in Fighting
  5115 | D:5      | Entered Level 5 of the Dungeon
  5119 | D:5      | Reached skill level 1 in Short Blades
  5151 | D:5      | Found a sand-covered staircase.
  5159 | Ossuary  | Entered an ossuary
  5260 | Ossuary  | Reached skill level 1 in Shields
  6167 | Ossuary  | Reached skill level 1 in Armour
  6264 | Ossuary  | Reached XP level 8. HP: 44/44 MP: 7/20
  6399 | D:5      | Found an iron altar of Okawaru.
  6401 | D:5      | Found a sparkling altar of Nemelex Xobeh.
  6401 | D:5      | Found a hide-covered altar of Uskayaw.
  6402 | D:5      | Found a shadowy altar of Dithmenos.
  6403 | D:5      | Found a burning altar of Makhleb.
  6404 | D:5      | Found a sacrificial altar of Ru.
  6526 | D:5      | Found a staircase to the Ecumenical Temple.
  6552 | Temple   | Entered the Ecumenical Temple
  6905 | D:5      | Reached skill level 7 in Spellcasting
  6905 | D:5      | Reached skill level 5 in Conjurations
  6909 | D:5      | Gained mutation: You are partially covered in molten scales. (AC +1) [mutagenic meat]
  6910 | D:5      | Gained mutation: Your flesh is heat resistant. (rF+) [mutagenic meat]
  6911 | D:5      | Gained mutation: Scrolls take you a little longer to read. [mutagenic meat]
  6912 | D:5      | Gained mutation: Potions and wands are less effective at restoring your health. [mutagenic meat]
  6913 | D:5      | Gained mutation: You are occasionally teleported next to monsters. [mutagenic meat]
  6914 | D:5      | Lost mutation: Potions and wands are less effective at restoring your health. [potion of cure mutation]
  6914 | D:5      | Lost mutation: You are occasionally teleported next to monsters. [potion of cure mutation]
  6914 | D:5      | Lost mutation: Scrolls take you a little longer to read. [potion of cure mutation]
  7432 | D:5      | Found Cukaqext's Distillery.
  7793 | D:6      | Found a glowing drain.
  7816 | Sewer    | Entered a sewer
  8519 | D:6      | Reached XP level 9. HP: 46/48 MP: 8/22
  8534 | D:6      | Reached skill level 8 in Spellcasting
  8550 | D:6      | Found an ancient bone altar of Kikubaaqudgha.
  8597 | D:6      | Learned a level 6 spell: Poisonous Cloud
  9215 | D:7      | Reached skill level 1 in Air Magic
 10367 | D:8      | Noticed Xiguana's ghost (novice HOFi)
 10403 | D:8      | Killed Xiguana's ghost
 10543 | D:8      | Found a radiant altar of Vehumet.
 10550 | D:8      | Became a worshipper of Vehumet
 10670 | D:8      | Found a white marble altar of Elyvilon.
 10780 | D:8      | Reached XP level 10. HP: 44/55 MP: 16/24
 10786 | D:8      | Reached skill level 9 in Spellcasting
 11350 | D:8      | Found a bloodstained altar of Trog.
 11466 | D:8      | Reached * piety under Vehumet
 11466 | D:8      | Offered knowledge of Freeze by Vehumet.
 11941 | D:9      | Reached skill level 5 in Dodging
 12258 | D:9      | Found a sparkling altar of Nemelex Xobeh.
 12332 | D:9      | Found a blossoming altar of Fedhas.
 12588 | D:9      | Found a basalt altar of Yredelemnul.
 12607 | D:9      | Reached ** piety under Vehumet
 12805 | D:9      | Reached skill level 10 in Spellcasting
 12975 | D:9      | Offered knowledge of Searing Ray by Vehumet.
 13079 | D:10     | Entered Level 10 of the Dungeon
 13079 | D:10     | Found a shadowy altar of Dithmenos.
 13179 | D:10     | Gained mutation: Your muscles are strong. (Str +2) [potion of mutation]
 13179 | D:10     | Gained mutation: Your spells are a little harder to cast, but a little more powerful. [potion of mutation]
 13233 | D:10     | Noticed a hill giant
 13253 | D:10     | Killed a hill giant
 13311 | D:10     | Found a staircase to the Lair.
 13343 | D:10     | Reached XP level 11. HP: 52/60 MP: 16/27
 13388 | D:10     | Got a faintly glowing dagger
 13389 | D:10     | Identified the +9 dagger "Gegg" {pierce, Str+5} (You found it on level 10 of the Dungeon)
 13527 | D:10     | Reached skill level 5 in Evocations
 13973 | D:10     | Offered knowledge of Static Discharge by Vehumet.
 14139 | D:10     | Noticed a hill giant
 14158 | D:10     | Killed a hill giant
 14158 | D:10     | Reached skill level 5 in Air Magic
 14286 | D:10     | Noticed a hill giant
 14304 | D:10     | Killed a hill giant
 14741 | Lair:1   | Entered Level 1 of the Lair of Beasts
 14926 | Lair:1   | Reached skill level 11 in Spellcasting
 15171 | Lair:1   | Reached *** piety under Vehumet
 15814 | Lair:1   | Learned a level 5 spell: Bolt of Magma
 16634 | Lair:2   | Found a deep blue altar of Sif Muna.
 17866 | Lair:3   | Reached XP level 12. HP: 66/66 MP: 24/29
 17937 | Lair:3   | Offered knowledge of Ignite Poison by Vehumet.
 17942 | Lair:3   | Learned a level 3 spell: Ignite Poison
 18167 | Lair:3   | Noticed a five-headed hydra
 18172 | Lair:3   | Killed a five-headed hydra
 18172 | Lair:3   | Reached skill level 5 in Short Blades
 19104 | Lair:4   | Reached **** piety under Vehumet
 19108 | Lair:4   | Reached skill level 12 in Spellcasting
 19290 | Lair:4   | Offered knowledge of Lightning Bolt by Vehumet.
 20027 | Lair:5   | Noticed Maud
 20038 | Lair:5   | Killed Maud
 20038 | Lair:5   | Reached skill level 10 in Fire Magic
 20160 | Lair:5   | Reached skill level 5 in Armour
 20577 | Lair:5   | Reached XP level 13. HP: 72/72 MP: 18/31
 21141 | Lair:1   | Learned a level 5 spell: Lightning Bolt
 21382 | Lair:6   | Learned a level 1 spell: Flame Tongue
 21461 | Lair:6   | Found a staircase to the Shoals.
 21467 | Lair:6   | Found a staircase to the Snake Pit.
 21480 | Lair:6   | Reached skill level 10 in Conjurations
 21964 | Lair:6   | Found a staircase to the Slime Pits.
 21964 | Lair:6   | Found a viscous altar of Jiyva.
 22514 | Lair:7   | Noticed Snorg
 23318 | Lair:7   | Reached ***** piety under Vehumet
 23363 | Lair:7   | Offered knowledge of Ozocubu's Refrigeration by Vehumet.
 23791 | Lair:7   | Reached skill level 13 in Spellcasting
 24523 | Lair:7   | Killed Snorg
 24999 | Lair:8   | Entered Level 8 of the Lair of Beasts
 25007 | Lair:8   | Reached skill level 5 in Shields
 25007 | Lair:8   | Reached skill level 5 in Fighting
 25226 | Lair:8   | Noticed a dire elephant
 25233 | Lair:8   | Killed a dire elephant
 25325 | Lair:8   | Reached XP level 14. HP: 63/78 MP: 29/33
 25400 | Lair:8   | Offered knowledge of Bolt of Draining by Vehumet.
 26715 | Lair:8   | Found a burning altar of Makhleb.
 27241 | Lair:8   | Found a gateway to Hell.
 28803 | D:11     | Found a staircase to the Orcish Mines.
 29936 | Orc:1    | Entered Level 1 of the Orcish Mines
 29945 | Orc:1    | Noticed Josephine
 29950 | Orc:1    | Killed Josephine
 30274 | Orc:1    | Found Ateim's Food Boutique.
 30835 | Orc:2    | Entered Level 2 of the Orcish Mines
 30851 | Orc:2    | Found a staircase to the Elven Halls.
 31073 | Orc:2    | Offered knowledge of Poison Arrow by Vehumet.
 31253 | Orc:2    | Found a roughly hewn altar of Beogh.
 31544 | Orc:2    | Found a roughly hewn altar of Beogh.
 31566 | Orc:2    | Found Cek Hizoerre's Armour Shop.
 31869 | Orc:2    | Found a roughly hewn altar of Beogh.
 32078 | Orc:2    | Found a roughly hewn altar of Beogh.
 32183 | Orc:2    | Found a roughly hewn altar of Beogh.
 32511 | Orc:2    | Found a roughly hewn altar of Beogh.
 32517 | Orc:2    | Reached skill level 14 in Spellcasting
 32560 | Orc:2    | Found Qaopos's Antique Weapon Shoppe.
 32733 | Orc:2    | Noticed an orc warlord
 32749 | Orc:2    | Killed an orc warlord
 32834 | Orc:2    | Found Nanuz's Antique Weapon Shop.
 32838 | Orc:2    | Found Veapnouss's Antique Armour Boutique.
 32839 | Orc:2    | Found a roughly hewn altar of Beogh.
 32888 | Orc:2    | Bought a bloodstained cloak for 323 gold pieces
 32898 | Orc:2    | Identified the +0 cloak "Tucsarr" {rN++} (You bought it in a shop on level 2 of the Orcish Mines)
 33156 | Elf:1    | Entered Level 1 of the Elven Halls
 33424 | Elf:1    | Reached XP level 15. HP: 84/84 MP: 26/35
 34014 | Elf:1    | Killed from afar by a deep elf knight

Vault maps used:
D:1:      dpeg_arrival_arbitrary_a, st_stairs_9
D:2:      kennysheep_goblin_castle, grunt_qazlal_clouds,
          nicolae_dithmenos_through_a_glass_darkly
D:3:      overflow_temple_1_default, kennysheep_generic_room_9
D:4:      first_bread, tgw_xom
D:5:      grunt_temple_overflow_open, gup_ossuary_entry_pyramid, serial_shops,
          nicolae_shop_stone
D:6:      minmay_flawed_box, kiku_gazebo_garden_becter, portal_sewer_entry_a,
          minmay_misc_feat_hallway, minmay_misc_feat_more_columns
D:8:      overflow_temple_1_default, kennysheep_little_box, blue_anna_alchemist,
          bh_chokoban, grunt_decor_mini_mirrors, trog_three_pillars_becter
D:9:      kennysheep_blocky_hall, general_overflow_altar,
          overflow_temple_1_default, nemelex_dance_club_becter
D:10:     david_lair_shrubbed, basic_altar, bh_walls_and_bars
D:11:     cheibrodos_stairvault_heist, orc_0_dummy, serial_co_window_serial,
          co_window_corner_a, co_window_of_opportunity_a, co_window_corner_a,
          co_window_cross_1, co_window_paths_b, co_window_broadway_b,
          co_window_unsneaky_path_d, co_window_unsneaky_path_d,
          co_window_4corner_b, glass_columns_a, glass_columns_c,
          glass_columns_c, glass_columns_b, glass_columns_a
Temple:   minmay_temple_bridge_a_8
Lair:2:   lemuel_centaur_altar
Lair:3:   serial_bayou_pond_b, st_stairs_12
Lair:5:   uniq_maud
Lair:6:   elwin_shoals_entry_rocks, guppyfry_snake_entry_island, slime_altar_1,
          nicolae_lair_grove_arrangements
Lair:7:   lemuel_ratsnest, uniq_snorg
Lair:8:   evil_forest, minivault_24, lemuel_fruit_tree, grunt_megastairs_5,
          serial_bayou_shore_b
Orc:1:    serial_shops, shop, uniq_josephine
Orc:2:    grunt_orc_community_town_hall, grunt_orc_community_big_house_1,
          grunt_orc_community_big_house_1, grunt_orc_community_house_3,
          grunt_orc_community_house_2, grunt_orc_community_house_2,
          grunt_orc_community_house_3, grunt_orc_community_house_2,
          grunt_orc_community_house_2
Elf:1:    serial_sigils, serial_sigils_hangedman_confine,
          serial_sigils_hangedman_snap, serial_sigils_hangedman_writhe,
          serial_sigils_hangedman_etch, orc_legates
Sewer:    sewer_the_crocodile
Ossuary:  ossuary_boxes_badplayer

Skill      XL: |  1  2  3  4  5  6  7  8  9 10 11 12 13 14 15 |
---------------+----------------------------------------------+-----
Conjurations   | 2 3 4 5 7 8 9 10 11 | 11.6
Spellcasting   | 4 5 6 7 8 10 11 12 13 14 | 14.3
Fire Magic     | 4 5 6 7 8 9 10 11 12 | 12.3
Dodging        | 3 4 5 6 7 8 9 |  9.1
Evocations     | 1 3 4 5 6 7 8 |  8.1
Fighting       | 1 2 3 4 5 6 |  6.0
Short Blades   | 1 2 3 4 5 6 7 |  7.3
Shields        | 1 2 3 4 5 |  5.7
Armour         | 1 2 3 4 5 6 |  6.3
Air Magic      | 3 4 5 7 8 9 |  9.3
Stealth        | |  2.4

Action                   |  1- 3 |  4- 6 |  7- 9 | 10-12 | 13-15 || total
-------------------------+-------+-------+-------+-------+-------++-------
Melee: Short sword       |     9 |       |       |       |       ||     9
       Flail             |     1 |       |       |       |       ||     1
       Quarterstaff      |       |    11 |       |       |       ||    11
       Dagger            |       |     1 |    29 |   149 |   300 ||   479
       Staff             |       |       |       |       |     1 ||     1
 Cast: Flame Tongue      |    51 |   139 |   370 |   380 |   260 ||  1200
       Throw Flame       |    16 |    34 |    59 |    76 |    84 ||   269
       Conjure Flame     |       |     1 |     7 |    15 |    15 ||    38
       Inner Flame       |       |     1 |     4 |     6 |     2 ||    13
       Sticky Flame      |       |     2 |    20 |    57 |    92 ||   171
       Fireball          |       |       |       |    20 |    39 ||    59
       Bolt of Magma     |       |       |       |    26 |   148 ||   174
       Poisonous Cloud   |       |       |       |       |    16 ||    16
       Ignite Poison     |       |       |       |       |    15 ||    15
       Lightning Bolt    |       |       |       |       |    13 ||    13
Evoke: Wand              |       |       |       |     3 |     1 ||     4
  Use: Scroll            |       |    14 |    15 |    13 |    13 ||    55
       Potion            |       |       |     3 |     1 |    11 ||    15
 Stab: Sleeping          |     1 |     3 |     1 |     3 |     3 ||    11
       Paralysed         |       |       |       |     1 |     3 ||     4
       Distracted        |       |       |       |       |     1 ||     1
  Eat: Chunk             |     2 |    10 |    18 |    27 |    19 ||    76
       Beef jerky        |       |       |     4 |       |       ||     4
       Pizza             |       |       |     2 |       |       ||     2
       Fruit             |       |       |       |     8 |    40 ||    48
       Royal jelly       |       |       |       |     1 |       ||     1
Armor: Robe              |    12 |    19 |    45 |       |       ||    76
       Leather armour    |       |       |    27 |   105 |   105 ||   237
Dodge: Dodged            |    37 |    68 |    77 |   179 |   311 ||   672
Block: Buckler           |       |       |    30 |    67 |   137 ||   234
